 Dungeon Crawl Stone Soup version 0.29.1-1-gd02db6906a (webtiles) character file.

Game seed: 4490315187474916326

49 Doomgape the Trooper (level 3, -1/31 HPs)
             Began as a Ghoul Fighter on Sept 17, 2022.
             Slain by a goblin
             ... wielding a +0 dagger
             ... led by Robin
              (4 damage)
             ... on level 2 of the Dungeon.
             The game lasted 00:02:46 (1273 turns).

Doomgape the Trooper (Ghoul Fighter)                Turns: 1273, Time: 00:02:47

Health: -1/31      AC:  6    Str: 21    XL:     3   Next: 77%
Magic:  2/2        EV:  8    Int:  3    God:
Gold:   54         SH:  7    Dex:  8    Spells: 2/2 levels left

rFire   . . .      SeeInvis .   a - +0 flail
rCold   + . .      Faith    .   k - +0 kite shield
rNeg    + + +      Spirit   .   b - +0 scale mail
rPois   ∞          Reflect  .   (no helmet)
rElec   .          Harm     .   (no cloak)
rCorr   .          Rampage  .   (no gloves)
Will    .....                   (no boots)
Stlth   ..........              (no amulet)
HPRegen 0.00/turn               (no ring)
MPRegen 0.08/turn               (no ring)

@: mighty, inhibited regen
A: claws 1, cold resistance 1, negative energy resistance 3, inhibited
regeneration, torment resistance 2, devour on kill
a: no special abilities


You were on level 2 of the Dungeon.
You visited 1 branch of the dungeon, and saw 2 of its levels.

You collected 54 gold pieces.

Inventory:

Hand Weapons
 a - a +0 flail (weapon)
Armour
 b - a +0 scale mail (worn)
 k - a +0 kite shield (worn)
Scrolls
 e - a scroll of butterflies
 f - a scroll of identify
 g - a scroll of acquirement {unknown}
 i - a scroll of amnesia {unknown}
 n - a scroll of blinking {unknown}
 o - a scroll of fear {unknown}
 q - a scroll of enchant weapon {unknown}
Potions
 c - a potion of magic
 h - a potion of haste {unknown}
 j - a potion of attraction {unknown}
 l - a potion of brilliance {unknown}
 m - a potion of curing {unknown}
 p - a potion of lignification {unknown}


   Skills:
 - Level 3.6 Fighting
 + Level 2.8 Maces & Flails
 - Level 3.0 Armour
 - Level 3.0 Shields


You had 2 spell levels left.
You didn't know any spells.
Your spell library contained the following spells:

 Spells                   Type           Power      Damage    Failure   Level
 Stone Arrow              Conj/Erth      0%         3d7       100%        3
 Animate Armour           Summ/Erth      0%         N/A       100%        4
 Summon Hydra             Summ           0%         N/A       100%        7
 Lehudib's Crystal Spear  Conj/Erth      0%         10d2      100%        8
 Sublimation of Blood     Necr           Unusable   N/A       N/A         2
 Wereblood                Tmut           Unusable   N/A       N/A         2

Dungeon Overview and Level Annotations

Branches:
Dungeon (2/15)

Altars:

Annotations:
D:2 Robin, Terence


Innate Abilities, Weirdness & Mutations

You are immune to poison.
You have sharp fingernails.
Your flesh is cold resistant. (rC+)
You are immune to negative energy. (rN+++)
You do not regenerate when monsters are visible.
You are immune to unholy pain and torment.
You thrive by killing the living.


Message History

You feel better. The goblin hits you but does no damage.
You block the goblin's attack.
Robin roars a battlecry!
The goblins go into a battle-frenzy!
The goblin hits you with a +0 dagger.
* * * LOW HITPOINT WARNING * * *
Robin says, "Bow before me, strongest of all the hobgoblins!"
The goblin closely misses you.
Unknown command.
You barely miss the goblin.
The goblin no longer looks unusually strong.
The goblin hits you with a +0 dagger.
* * * LOW HITPOINT WARNING * * *
A kobold comes into view. It is wielding a +0 short sword.
The goblin hits you but does no damage. x2
Robin roars a battlecry!
You closely miss the goblin.
The goblin no longer looks unusually strong. x4
The goblin closely misses you. You block the goblin's attack.
The goblin hits you with a +0 dagger.
* * * LOW HITPOINT WARNING * * *
Robin roars a battlecry!
The goblins go into a battle-frenzy!
The goblin barely misses you. The goblin hits you but does no damage.
The goblin closely misses you.
Unknown command.
You sock the goblin!
You kill the goblin!
You block the goblin's attack. The goblin hits you but does no damage.
Unknown command.
Unknown command.
The goblin attacks as you move away!
The goblin hits you but does no damage. x2
Things that are here:
a +0 dagger; a goblin corpse Unknown command.
You see here 5 stones.
The goblin attacks as you move away! The goblin hits you but does no damage.
The goblin completely misses you. The goblin attacks as you move away!
The goblin hits you with a +0 dagger.
You die...

..##.###.#.#.###..#...
...............†......#
...........#.###.##...
####.#######.........#
#.########........#
#.##..............#
#.##.######.......# #.#
#.......# #. #.g@....#
###.gg....#
##.@g##g####
.###..g###)#
#...[...g))g#
#..##..g##### g. ##.##
g #. ..


You could see Terence, Robin and 6 goblins.

Vanquished Creatures
  A dart slug (D:2)
  7 endoplasms (D:1)
  A giant cockroach (D:1)
  6 goblins
  7 hobgoblins
  8 ball pythons
  7 bats (D:1)
  5 rats
42 creatures vanquished.

Notes
Turn   | Place    | Note
-------+----------+-------------------------------------------
     0 | D:1      | Doomgape the Ghoul Fighter began the quest for the Orb.
     0 | D:1      | Reached XP level 1. HP: 19/19 MP: 0/0
    37 | D:1      | Reached XP level 2. HP: 24/26 MP: 1/1
   378 | D:1      | Reached XP level 3. HP: 31/31 MP: 2/2
  1247 | D:2      | Noticed Robin
  1264 | D:2      | Noticed Terence
  1273 | D:2      | Slain by a goblin

Illustrated notes

Levels and vault maps discovered:
D:1:      minmay_arrival_solitary_statue, layout_basic, minmay_hedge_maze,
          minmay_hexomino_u4
D:2:      layout_loops_ring, chequers_ecumenical_altar_simple_redux,
          uniq_terence, uniq_robin

Skill      XL: |  1  2 |
---------------+-------+-----
Maces & Flails | 2 |  2.8
Armour         | 3 |  3.0
Shields        | 3 |  3.0
Fighting       | |  3.6

Action                   || total
-------------------------++-------
Melee: Flail             ||   115
  Use: Scroll            ||     2
       Potion            ||     1
Armor: Scale mail        ||    57
Dodge: Dodged            ||    54
Block: Buckler           ||    14
       Kite shield       ||    41
